 Dungeon Crawl Stone Soup version 0.19-a0-1127-gac58878 (webtiles) character file.

40471 Geppetto the Impaler (level 14, -3/154 HPs)
             Began as a Merfolk Gladiator on Aug 11, 2016.
             Was a Believer of Ru.
             Slain by an ice devil (11 damage)
             ... on level 6 of the Lair of Beasts on Aug 12, 2016.
             The game lasted 01:07:02 (18877 turns).

Geppetto the Impaler (Merfolk Gladiator)           Turns: 18877, Time: 01:07:02

Health: -3/154     AC: 13    Str: 22    XL:     14   Next: 11%
Magic:  14/14      EV: 28    Int:  7    God:    Ru [**....]
Gold:   894        SH:  0    Dex: 23    Spells: 0 memorised, 13 levels left

rFire  . . .     SeeInvis .     W - +3 bardiche (chop)
rCold  + . .     Gourm    .     y - +2 ring mail {MR+}
rNeg   + . .     Faith    .     (shield currently unavailable)
rPois  .         Spirit   .     c - +0 helmet
rElec  .         Dismiss  .     (no cloak)
rCorr  .         Reflect  .     (no gloves)
SustAt .         Harm     .     l - +1 pair of boots
MR     ++...                    (no amulet)
Stlth  ..........               S - ring of protection from cold
                                k - ring of positive energy

@: agile, berserking, very quick
A: change form in water, swift swim, no charms magic, no ice magic, no
necromancy magic, missing an eye
a: Renounce Religion


You were on level 6 of the Lair of Beasts.
You worshipped Ru.
Ru was pleased with you.
You were not hungry.

You visited 2 branches of the dungeon, and saw 14 of its levels.

You collected 894 gold pieces.

Inventory:

Hand Weapons
 a - a +1 trident of freezing
 M - the +9 halberd of Dominance {flame, +Inv rN++}
   (You found it on level 8 of the Dungeon)

   It has been specially enchanted to burn those struck by it, causing extra
   injury to most foes and up to half again as much damage against particularly
   susceptible opponents.
   Big, fiery blades are also staple armaments of hydra-hunters.
   It greatly protects you from negative energy.
   It lets you turn invisible.
 W - a +3 bardiche of chopping (weapon)
Missiles
 d - 404 stones
 I - 2 javelins of penetration (quivered)
Armour
 b - a +0 leather armour
 c - a +0 helmet (worn)
 l - a +1 pair of boots (worn)
 y - a +2 ring mail of magic resistance (worn)
Jewellery
 k - a ring of positive energy (left hand)
 S - a ring of protection from cold (right hand)
 U - an uncursed ring of ice
Wands
 g - a wand of polymorph (6/24)
 r - a wand of teleportation (3/9)
 u - a wand of random effects (19/48)
 x - a wand of flame (9/48)
 B - a wand of confusion (20/48)
 J - a wand of iceblast (6/15)
 T - a wand of random effects (18/48)
 V - a wand of iceblast (9/15)
Scrolls
 e - a scroll of amnesia
 i - 4 scrolls of recharging
 v - 2 scrolls of blinking
 C - 3 scrolls of teleportation
 E - a scroll of fog
 Q - a scroll of remove curse
Potions
 h - 2 potions of magic
 n - 4 potions of flight
 p - a potion of lignification
 s - a potion of invisibility
 w - 4 potions of ambrosia
 z - a potion of cure mutation
 A - a potion of cancellation
 D - a potion of resistance
 N - a potion of brilliance
 P - a potion of heal wounds {unknown}
Books
 F - a book of Unlife

   Spells                             Type                      Level
   a - Recall                         Summoning/Translocation      3
   b - Animate Dead                   Necromancy                   4
   c - Control Undead                 Necromancy                   4
   d - Cigotuvi's Embrace             Necromancy                   5
   e - Death Channel                  Necromancy                   6
   f - Simulacrum                     Ice/Necromancy               6
 H - a book of Dreams

   Spells                             Type                      Level
   a - Ensorcelled Hibernation        Hexes/Ice                    2
   b - Silence                        Hexes/Air                    5
   c - Darkness                       Hexes                        6
   d - Shadow Creatures               Summoning                    6
Comestibles
 f - 10 bread rations
 j - 7 meat rations
 t - 10 slices of pizza
 L - 21 fruits
 R - a beef jerky


   Skills:
 - Level 7.0 Fighting
 - Level 16.0 Polearms
 + Level 9.8 Throwing
 * Level 11.5 Armour
 - Level 13.3 Dodging


You had 13 spell levels left.
You didn't know any spells.

Dungeon Overview and Level Annotations

Branches:
Dungeon (8/15)             Temple (0/1) D:7            Lair (6/6) D:8
 Shoals (0/4) Lair:3        Snake (0/4) Lair:2        Slime (0/5) Lair:5

Altars:
Fedhas
Gozag
Hepliaklqana
Makhleb
Nemelex Xobeh
Ru
Sif Muna
Uskayaw
Zin
Jiyva

Annotations:
D:3 exclusion: oklob plant


Innate Abilities, Weirdness & Mutations

You revert to your normal form in water.
You are very nimble and swift while swimming.
You cannot study or cast Charms magic.
You cannot study or cast Ice magic.
You cannot study or cast Necromancy magic.
You are missing an eye, making it more difficult to aim.


Message History

You feel yourself moving faster!
You feel mighty! The ice devil completely misses you.
The ice devil closely misses you.
You chop the ice devil into pieces!!!
You kill the ice devil!
The ice devil misses you.
You miss the ice devil. The ice devil misses you.
You slash the ice devil!
The ice devil is moderately wounded.
You miss the ice devil.
The ice devil is moderately wounded.
The ice devil completely misses you.
You slash the ice devil!
The ice devil is heavily wounded.
The ice devil hits you but does no damage.
You barely miss the ice devil.
The ice devil is heavily wounded.
The ice devil hits you.
* * * LOW HITPOINT WARNING * * *
The ice devil freezes you! You resist.
You die...

...#(.8.8...# ♣♣.8[♣ ♣♣
...'...8.8..# ♣....♣ ♣♣♣.
#).8.8...# ♣...♣♣ ♣♣♣..♣
#...8.8..# ♣♣..♣ ♣♣..♣♣♣
####..8.8...# ♣♣.♣♣♣♣..♣♣
...'...8.8..# ♣..♣♣..♣♣
h..#........#♣ ♣♣..♣..♣
...#########'♣♣♣♣♣
♣♣♣..♣♣ #### ♣♣♣.♣♣@♣♣
♣♣..♣♣ ♣ ♣♣♣....4..♣♣
♣♣..♣♣ ♣
♣♣♣....♣♣♣...♣♣♣..♣♣♣♣♣♣♣
♣♣ ♣♣...♣♣♣♣
♣♣♣♣..♣.♣♣♣♣...♣♣♣
.♣♣♣♣♣...♣♣
♣♣♣...♣..(....♣
♣..♣...♣♣♣ ♣♣....♣♣♣♣♣♣.
♣♣♣3...♣ ♣♣..♣♣ ♣♣ ♣....♣
♣.♣♣ ♣♣..♣♣ ♣.♣♣


You could see an ice devil.

Vanquished Creatures
  Nessos (Lair:5)
  2 dire elephants (Lair:6)
  6 hydras
  A catoblepas (Lair:5)
  3 death yaks
  A wizard (Lair:6)
  A sixfirhy (Lair:6)
  12 elephants
  A guardian serpent (Lair:2)
  2 black mambas
  A torpor snail (Lair:5)
  A smoke demon (Lair:6)
  16 spiny frogs
  2 rime drakes
  4 komodo dragons
  6 ice devils (Lair:6)
  2 polar bears (Lair:5)
  A boulder beetle (Lair:6)
  17 blink frogs
  26 yaks
  3 wyverns
  4 basilisks
  9 hippogriffs
  A hungry ghost (D:8)
  Edmund (D:5)
  A hell hound (Lair:6)
  13 water moccasins
  9 porcupines
  An ice beast (D:7)
  3 sky beasts (D:5)
  3 ogres
  6 wolves (Lair:3)
  4 centaurs
  17 crocodiles
  3 big kobolds (D:8)
  5 giant frogs
  A water moccasin zombie (D:5)
  2 scorpions
  A howler monkey (D:5)
  An electric eel (Lair:1)
  2 crimson imps
  A giant frog zombie (D:5)
  3 hounds
  3 orc priests
  2 jellies
  6 orc wizards
  Jessica (D:3)
  Terence (D:3)
  3 iguanas
  2 worker ants
  18 sheep
  2 hound skeletons
  3 gnolls (D:7)
  4 adders
  11 river rats
  2 shadow imps (D:7)
  3 oozes
  2 adder zombies
  A dart slug (D:1)
  6 worms
  7 giant geckos
  11 orcs
  5 giant cockroaches
  5 goblins
  9 hobgoblins
  7 jackals
  3 quokkas
  2 ball pythons
  5 bats
  2 giant gecko skeletons (D:8)
  7 giant newts
  7 kobolds
  8 rats
  2 fungi
350 creatures vanquished.

Vanquished Creatures (others)
  A hydra (D:8)
  A hellwing (Lair:6)
  A sheep (D:8)
  5 fungi
  A plant (Lair:4)
9 creatures vanquished.

Grand Total: 359 creatures vanquished

Notes
Turn   | Place    | Note
-------+----------+-------------------------------------------
     0 | D:1      | Geppetto the Merfolk Gladiator began the quest for the Orb.
     0 | D:1      | Reached XP level 1. HP: 16/16 MP: 1/1
    51 | D:1      | Reached skill level 5 in Polearms
    51 | D:1      | Reached XP level 2. HP: 22/22 MP: 2/2
   311 | D:1      | Reached XP level 3. HP: 13/27 MP: 3/3
  1165 | D:2      | Found a hazy altar of Hepliaklqana.
  1165 | D:2      | Found a glowing silver altar of Zin.
  1169 | D:2      | Reached skill level 6 in Polearms
  1486 | D:2      | Reached XP level 4. HP: 29/33 MP: 4/4
  1781 | D:2      | Found a hide-covered altar of Uskayaw.
  2319 | D:3      | Noticed Terence
  2335 | D:3      | Killed Terence
  2445 | D:3      | Noticed Jessica
  2452 | D:3      | Killed Jessica
  2452 | D:3      | Reached skill level 5 in Dodging
  2452 | D:3      | Reached XP level 5. HP: 38/38 MP: 5/5
  2668 | D:3      | Found a blossoming altar of Fedhas.
  2694 | D:3      | Noticed an oklob plant
  3079 | D:4      | Noticed an ogre
  3229 | D:4      | Reached XP level 6. HP: 38/46 MP: 6/6
  3776 | D:5      | Entered Level 5 of the Dungeon
  3776 | D:5      | Found a deep blue altar of Sif Muna.
  3809 | D:5      | Noticed a sky beast
  3822 | D:5      | Killed a sky beast
  3822 | D:5      | Reached XP level 7. HP: 7/52 MP: 7/7
  4237 | D:5      | Found a sacrificial altar of Ru.
  4263 | D:5      | Became a worshipper of Ru the Awakened
  4277 | D:5      | Noticed Edmund
  4357 | D:5      | Killed Edmund
  4465 | D:5      | HP: 2/54 [centaur (4)]
  4950 | D:5      | Reached XP level 8. HP: 4/61 MP: 8/8
  5294 | D:5      | Reached skill level 5 in Fighting
  5446 | D:5      | Reached skill level 10 in Dodging
  6761 | D:7      | Reached XP level 9. HP: 61/71 MP: 9/9
  6810 | D:7      | Gained mutation: You are missing an eye, making it more difficult to aim. [Ru sacrifice]
  6810 | D:7      | Reached * piety under Ru
  7268 | D:7      | Found a staircase to the Ecumenical Temple.
  7490 | D:7      | Found an opulent altar of Gozag.
  7491 | D:7      | Found a sparkling altar of Nemelex Xobeh.
  7529 | D:7      | Upgraded the game from 0.19-a0-1111-gcceb26a to 0.19-a0-1127-gac58878
  7826 | D:8      | Found a staircase to the Lair.
  7922 | D:8      | Found a blossoming altar of Fedhas.
  8638 | D:8      | Noticed a three-headed hydra
  8654 | D:8      | Killed a three-headed hydra
  8654 | D:8      | Reached skill level 7 in Polearms
  8654 | D:8      | Reached skill level 5 in Throwing
  8661 | D:8      | Reached skill level 8 in Polearms
  8661 | D:8      | Reached XP level 10. HP: 40/79 MP: 10/10
  8819 | D:8      | Got a pitted halberd
  8820 | D:8      | Identified the +9 halberd of Dominance {flame, +Inv rN++} (You found it on level 8 of the Dungeon)
  8962 | Lair:1   | Entered Level 1 of the Lair of Beasts
  8991 | Lair:1   | Noticed a spiny frog
  9004 | Lair:1   | Killed a spiny frog
  9004 | Lair:1   | Reached skill level 9 in Polearms
  9556 | Lair:1   | Reached skill level 10 in Polearms
  9567 | Lair:1   | Noticed a spiny frog
  9573 | Lair:1   | Killed a spiny frog
  9580 | Lair:1   | Reached skill level 11 in Polearms
  9855 | Lair:1   | Gained mutation: You cannot study or cast Ice magic. [Ru sacrifice]
  9855 | Lair:1   | Gained mutation: You cannot study or cast Necromancy magic. [Ru sacrifice]
  9855 | Lair:1   | Gained mutation: You cannot study or cast Charms magic. [Ru sacrifice]
  9855 | Lair:1   | Reached ** piety under Ru
  9988 | Lair:1   | Noticed a spiny frog
  9997 | Lair:1   | Killed a spiny frog
 10212 | Lair:1   | Noticed a spiny frog
 10221 | Lair:1   | Killed a spiny frog
 10221 | Lair:1   | Reached skill level 12 in Polearms
 10221 | Lair:1   | Reached skill level 1 in Armour
 10420 | Lair:2   | Noticed a five-headed hydra
 10425 | Lair:2   | Killed a three-headed hydra
 10425 | Lair:2   | Reached XP level 11. HP: 84/84 MP: 11/11
 10842 | Lair:2   | Reached skill level 13 in Polearms
 11008 | Lair:2   | Reached skill level 5 in Armour
 11462 | Lair:2   | Found a staircase to the Snake Pit.
 12256 | Lair:3   | Reached skill level 14 in Polearms
 12346 | Lair:3   | Found a staircase to the Shoals.
 12557 | Lair:3   | Reached XP level 12. HP: 89/91 MP: 12/12
 13840 | Lair:4   | Noticed a six-headed hydra
 13851 | Lair:4   | Killed a three-headed hydra
 13851 | Lair:4   | Reached skill level 15 in Polearms
 14418 | Lair:5   | Noticed Nessos
 14428 | Lair:5   | Killed Nessos
 14844 | Lair:5   | Noticed a six-headed hydra
 14859 | Lair:5   | Killed a one-headed hydra
 14870 | Lair:5   | Reached skill level 16 in Polearms
 14870 | Lair:5   | Reached XP level 13. HP: 59/96 MP: 13/13
 15066 | Lair:5   | Found a staircase to the Slime Pits.
 15066 | Lair:5   | Found a viscous altar of Jiyva.
 15787 | Lair:6   | Entered Level 6 of the Lair of Beasts
 15843 | Lair:5   | Reached skill level 10 in Armour
 17530 | Lair:6   | Noticed a dire elephant
 17553 | Lair:6   | Killed a dire elephant
 17965 | Lair:6   | Noticed a dire elephant
 17977 | Lair:6   | Killed a dire elephant
 18215 | Lair:6   | Reached XP level 14. HP: 89/103 MP: 14/14
 18264 | Lair:6   | Found a burning altar of Makhleb.
 18877 | Lair:6   | Slain by an ice devil

Vault maps used:
D:1:      erik_arrival_gehennom
D:2:      lemuel_upstairs_altar, marbit_many_paths,
          nicolae_overflow_hidden_temple
D:3:      tgw_fedhas, uniq_jessica, uniq_terence
D:4:      first_bread
D:5:      basic_altar, nicolae_ru_great_annihilating_truth, uniq_edmund
D:7:      grunt_temple_overflow_opulence
D:8:      dpeg_oklobed_lair, basic_altar, hangedman_abyss_or_decor_stabs,
          hangedman_ranch
Lair:1:   serial_bayou_shore_a
Lair:2:   minmay_snake_entry_spellcaster
Lair:3:   minmay_shoals_entry_centaurs
Lair:4:   grunt_megastairs_5
Lair:5:   slime_altar_1, infiniplex_staircase_pool, uniq_nessos
Lair:6:   evil_forest, grunt_megastairs_3

Skill      XL: |  1  2  3  4  5  6  7  8  9 10 11 12 13 |
---------------+----------------------------------------+-----
Polearms       | 5 6 8 12 14 16 | 16.0
Throwing       | 3 5 7 9 |  9.8
Dodging        | 5 7 9 11 13 | 13.3
Fighting       | 3 4 6 7 |  7.0
Armour         | 2 6 9 11 | 11.5

Action                   |  1- 3 |  4- 6 |  7- 9 | 10-12 | 13-15 || total
-------------------------+-------+-------+-------+-------+-------++-------
Melee: Trident           |    99 |   150 |   542 |       |       ||   791
       Tailslap          |       |       |     3 |     2 |       ||     5
       Halberd           |       |       |       |   423 |   299 ||   722
       Bardiche          |       |       |       |       |   136 ||   136
Throw: Stone             |    38 |    94 |    47 |    80 |   116 ||   375
       Throwing net      |       |     4 |     1 |     2 |     1 ||     8
       Tomahawk          |       |       |    22 |    83 |    11 ||   116
       Javelin           |       |       |     1 |     3 |    20 ||    24
Invok: Sacrifice an Eye  |       |       |     1 |       |       ||     1
       Sacrifice Arcana  |       |       |       |     1 |       ||     1
       Reject Sacrifices |       |       |       |     1 |     1 ||     2
Evoke: Wand              |       |       |       |     2 |       ||     2
  Use: Scroll            |     5 |     7 |     2 |     9 |     7 ||    30
       Potion            |       |       |     2 |     1 |     7 ||    10
 Stab: Sleeping          |     1 |       |       |       |       ||     1
       Held in net/web   |       |     2 |     2 |       |     1 ||     5
       Paralysed         |       |       |     1 |       |       ||     1
       Invisible         |       |       |       |       |     3 ||     3
       Distracted        |       |       |       |       |     2 ||     2
  Eat: Chunk             |     1 |     8 |    14 |    16 |    10 ||    49
       Beef jerky        |       |       |     1 |     2 |       ||     3
       Bread ration      |       |       |     1 |       |       ||     1
       Royal jelly       |       |       |       |       |     2 ||     2
Armor: Leather armour    |    12 |     1 |       |       |       ||    13
       Ring mail         |       |    22 |   132 |    53 |    79 ||   286
Dodge: Dodged            |    52 |    60 |   316 |   282 |   284 ||   994
